Blackdemons vs Rafales
Created - November 24, 2018 at 19:47
Goals
|
| Blackdemons |
1 |
3 |
1 |
5 |
| Rafales |
1 |
1 |
2 |
4 |
|
Shots
|
| Blackdemons |
11 |
16 |
9 |
36 |
| Rafales |
12 |
11 |
12 |
35 |
|
1st period
1. Blackdemons , Martin Hanzal 16 (Alexei Morozov 20, Nathan Paetsch 9) at 0:14
2. Rafales , Michael Bournival 11 (Nathan Davis 13) at 3:57
Penalties :
No Penalty
2nd period
3. Rafales , Mike Zigomanis 16 (Cody McLeod 15) at 3:59
4. Blackdemons , Patrice Cormier 8 (Sergei Plotnikov 12) at 6:33
5. Blackdemons , Ladislav Nagy 11 (Hudson Fasching 5, Jeffrey Foss 4) at 13:18
6. Blackdemons , Max Friberg 9 (Yannick Weber 10, Scott Timmins 8) at 15:38
Penalties :
Nathan Paetsch (MJM) for Tripping (Minor) at 7:11
3rd period
7. Rafales , Nathan Davis 9 (Michael Bournival 6, Dennis Persson 2) at 7:06
8. Blackdemons , Alexei Morozov 10 (Yannick Weber 11, Max Friberg 5) at 8:48
9. Rafales , Cody McLeod 14 (Dennis Persson 3) at 16:39
Penalties :
Dylan McIlrath (Stf) for Tripping (Minor) at 2:11
Goalie Stats
Matt Hackett (MJM), 31 saves from 35 shots - (0.886), W, 10-2-0, 60:00 minutes
Leland Irving (Stf), 31 saves from 36 shots - (0.861), L, 8-8-0, 59:00 minutes
Players Stats for Blackdemons
Player Name G A P +/- PIM S H SB GA TA FO MP PP MP PK MP
------------------------------------------------------------------------------------
Alexandre Grenier 0 0 0 0 0 2 1 1 0 0 1/1 16:45 0:00 0:00
Alexei Morozov 1 1 2 0 0 4 0 2 2 2 3/4 21:09 1:09 0:00
Blake Pietila 0 0 0 0 0 2 2 0 1 0 3/3 20:09 1:09 0:06
Brett Kulak 0 0 0 0 0 0 0 1 0 0 0/0 11:35 0:00 0:00
Charles-Olivier Roussel 0 0 0 0 0 0 0 1 0 1 0/0 12:21 0:00 0:46
Hudson Fasching 0 1 1 1 0 1 0 0 0 0 0/0 9:00 0:50 0:00
Jeffrey Foss 0 1 1 2 0 1 0 1 0 1 0/0 19:03 0:47 0:54
Klas Dahlbeck 0 0 0 -2 0 0 0 0 0 0 0/0 6:43 0:00 0:31
Kyle Rau 0 0 0 1 0 2 1 0 0 1 1/2 9:03 0:00 0:53
Ladislav Nagy 1 0 1 1 0 2 0 0 0 0 0/0 11:06 0:50 1:00
Martin Hanzal 1 0 1 0 0 6 3 2 1 0 11/25 20:39 0:50 0:00
Max Friberg 1 1 2 0 0 3 0 0 0 0 0/0 11:07 0:00 0:00
Nathan Paetsch 0 1 1 1 2 0 0 6 2 0 0/0 22:45 1:12 0:00
Patrice Cormier 1 0 1 0 0 5 2 1 1 0 8/23 19:05 1:09 1:00
Roman Josi 0 0 0 1 0 1 2 2 0 1 0/0 22:39 1:12 0:34
Scott Timmins 0 1 1 0 0 1 0 1 0 0 2/4 11:07 0:00 0:00
Sergei Plotnikov 0 1 1 0 0 1 0 2 2 2 2/2 17:38 0:00 0:53
Tommy Vannelli 0 0 0 -2 0 0 0 0 0 0 0/0 6:02 0:00 0:31
Yannick Weber 0 2 2 2 0 3 1 0 0 0 0/0 18:51 0:47 0:42
Zachary Sanford 0 0 0 0 0 2 0 0 0 0 0/0 11:13 0:00 0:06
Players Stats for Rafales
Player Name G A P +/- PIM S H SB GA TA FO MP PP MP PK MP
------------------------------------------------------------------------------------
Brian Ferlin 0 0 0 2 0 1 2 0 0 0 1/1 17:52 0:55 0:51
Cedric Paquette 0 0 0 -1 0 0 1 0 0 0 0/1 8:32 0:01 0:00
Chris Terry 0 0 0 -1 0 0 0 0 0 0 0/0 12:08 0:01 0:00
Cody McLeod 1 1 2 -1 0 7 2 2 1 0 2/4 21:55 1:03 1:13
Connor Murphy 0 0 0 -3 0 2 4 0 0 0 0/0 27:55 1:12 0:45
Dennis Persson 0 2 2 1 0 0 0 1 0 0 0/0 14:08 0:00 0:00
Dylan McIlrath 0 0 0 1 2 0 2 2 0 0 0/0 17:33 0:47 0:00
James Marcou 0 0 0 -1 0 2 0 0 1 0 0/0 8:11 0:00 0:00
Julian Melchiori 0 0 0 1 0 0 1 1 2 2 0/0 18:38 0:47 1:14
Kevin Veilleux 0 0 0 -1 0 4 2 1 0 0 6/10 11:47 0:00 0:00
Maksim Mayorov 0 0 0 -1 0 0 0 0 0 0 0/0 8:11 0:00 0:00
Matt Gilroy 0 0 0 -3 0 3 3 0 0 2 0/0 27:04 1:12 0:45
Michael Bournival 1 1 2 2 0 6 0 1 0 1 0/0 17:38 0:55 0:38
Mike Zigomanis 1 0 1 -1 0 4 1 0 0 1 17/36 21:51 1:03 1:10
Milan Bartovic 0 0 0 -1 0 2 2 0 0 1 0/2 20:41 1:03 0:00
Nathan Davis 1 1 2 2 0 2 3 0 1 2 7/10 17:06 0:55 0:06
Slater Koekkoek 0 0 0 1 0 0 0 0 0 0 0/0 14:42 0:00 1:14
Tim Crowder 0 0 0 -1 0 2 0 0 3 0 0/0 12:08 0:01 0:00
3 Stars
1 - Nathan Davis (Stf)
2 - Michael Bournival (Stf)
3 - Yannick Weber (MJM)
Power Play
Blackdemons - 0 on 1 Attempt(s) - 0.00%
Rafales - 0 on 1 Attempt(s) - 0.00%
Penalty Kill
Blackdemons - 1 on 1 Attempt(s) - 100.00%
- Score 0 goal in Penalty Kill
Rafales - 1 on 1 Attempt(s) - 100.00%
- Score 0 goal in Penalty Kill
Team Stat
Blackdemons - Hits : 12 - Faceoff Wins : 31 - Blocked Shots : 20 - Penalty Minutes : 2
Rafales - Hits : 23 - Faceoff Wins : 33 - Blocked Shots : 8 - Penalty Minutes : 2
Official
Referees : Unknown
Linesman : Unknown
Game Notes
No Game Note
Finance
Level 1 -- Attendance: 1492 (74.60%) -- Ticket Income $59,680
Level 2 -- Attendance: 673 (67.30%) -- Ticket Income $13,460
Total Attendance: 2165 (72.17%)
Total Ticket Income: $73,140
Other Income: $3,657
Total Income: $76,797
Blackdemons
5 vs 5 Forward
Center Left Wing Right Wing Time % Phy DF OF
1 Martin Hanzal Blake Pietila Alexei Morozov 40 0 1 4
2 Patrice Cormier Sergei Plotnikov Alexandre Grenier 35 0 1 3
3 Scott Timmins Zachary Sanford Max Friberg 15 0 2 3
4 Kyle Rau Ladislav Nagy Hudson Fasching 10 0 1 4
5 vs 5 Defense
Defense Defense Time % Phy DF OF
1 Nathan Paetsch Roman Josi 40 0 4 1
2 Jeffrey Foss Yannick Weber 30 0 4 1
3 Charles-Olivier Roussel Brett Kulak 22 0 5 0
4 Klas Dahlbeck Tommy Vannelli 8 0 5 0
PowerPlay Forward
Center Left Wing Right Wing Time % Phy DF OF
1 Patrice Cormier Blake Pietila Alexei Morozov 50 0 0 5
2 Martin Hanzal Ladislav Nagy Hudson Fasching 50 0 0 5
PowerPlay Defense
Defense Defense Time % Phy DF OF
1 Jeffrey Foss Yannick Weber 50 0 1 4
2 Nathan Paetsch Roman Josi 50 0 1 4
Penalty Kill 4 Players Forward
Center Wing Time % Phy DF OF
1 Patrice Cormier Ladislav Nagy 50 0 5 0
2 Kyle Rau Sergei Plotnikov 50 0 5 0
Penalty Kill 4 Players Defense
Defense Defense Time % Phy DF OF
1 Yannick Weber Jeffrey Foss 50 0 5 0
2 Charles-Olivier Roussel Nathan Paetsch 50 0 5 0
Penalty Kill - 3 Players Forward
Forward Time % Phy DF OF
1 Alexei Morozov 60 0 5 0
2 Martin Hanzal 40 0 5 0
Penalty Kill - 3 Players Defense
Defense Defense Time % Phy DF OF
1 Yannick Weber Roman Josi 60 0 5 0
2 Jeffrey Foss Charles-Olivier Roussel 40 0 5 0
4 vs 4 Forward
Center Wing Time % Phy DF OF
1 Alexei Morozov Martin Hanzal 50 1 2 2
2 Ladislav Nagy Patrice Cormier 50 1 2 2
4 vs 4 Defense
Defense Defense Time % Phy DF OF
1 Klas Dahlbeck Nathan Paetsch 50 1 2 2
2 Yannick Weber Jeffrey Foss 50 1 2 2
Last Minutes Offensive
Center Left Wing Right Wing Defense Defense
Martin Hanzal Ladislav Nagy Alexei Morozov Klas Dahlbeck Nathan Paetsch
Last Minutes Defensive
Center Left Wing Right Wing Defense Defense
Martin Hanzal Ladislav Nagy Alexei Morozov Klas Dahlbeck Nathan Paetsch
Goaltenders
Starting : Matt Hackett
Backup : Laurent Brossoit
Extra Forwards
Normal : Max Friberg, Scott Timmins, Blake Pietila - PP : Max Friberg, Scott Timmins - PK : Blake Pietila
Extra Defensemen
Normal : Yannick Weber, Roman Josi, Jeffrey Foss - PP : Yannick Weber - PK : Roman Josi, Jeffrey Foss
Penalty Shots
Alexei Morozov, Martin Hanzal, Ladislav Nagy, Sergei Plotnikov, Zachary Sanford
Scratches
Colin Smith (Healthy), Mathew Dumba (Lower Body Injury), Remi Elie (Healthy), Jyrki Jokipakka (Healthy), Mackenzie MacEachern (Healthy)
Ben Maxwell (Healthy), Nicolas Deschamps (Healthy), Keaton Ellerby (Healthy), Angelo Esposito (Healthy), Jacob Lagacé (Healthy)
James Livingstone (Healthy), Ebbe Siönäs (Healthy), Sami Aittokallio (Healthy), Jeremy Smith (Healthy)
Rafales
5 vs 5 Forward
Center Left Wing Right Wing Time % Phy DF OF
1 Mike Zigomanis Cody McLeod Milan Bartovic 40 0 1 4
2 Nathan Davis Michael Bournival Brian Ferlin 30 1 1 3
3 Kevin Veilleux Chris Terry Tim Crowder 20 1 2 2
4 Cedric Paquette Maksim Mayorov James Marcou 10 2 1 2
5 vs 5 Defense
Defense Defense Time % Phy DF OF
1 Matt Gilroy Connor Murphy 40 1 3 1
2 Julian Melchiori Dylan McIlrath 30 1 3 1
3 Slater Koekkoek Dennis Persson 20 2 2 1
4 Matt Gilroy Connor Murphy 10 1 3 1
PowerPlay Forward
Center Left Wing Right Wing Time % Phy DF OF
1 Mike Zigomanis Cody McLeod Milan Bartovic 60 0 0 5
2 Nathan Davis Michael Bournival Brian Ferlin 40 0 0 5
PowerPlay Defense
Defense Defense Time % Phy DF OF
1 Matt Gilroy Connor Murphy 60 0 2 3
2 Julian Melchiori Dylan McIlrath 40 0 2 3
Penalty Kill 4 Players Forward
Center Wing Time % Phy DF OF
1 Mike Zigomanis Cody McLeod 60 1 3 1
2 Michael Bournival Nathan Davis 40 1 3 1
Penalty Kill 4 Players Defense
Defense Defense Time % Phy DF OF
1 Matt Gilroy Connor Murphy 60 2 3 0
2 Julian Melchiori Dylan McIlrath 40 2 3 0
Penalty Kill - 3 Players Forward
Forward Time % Phy DF OF
1 Mike Zigomanis 60 1 4 0
2 Cody McLeod 40 1 4 0
Penalty Kill - 3 Players Defense
Defense Defense Time % Phy DF OF
1 Matt Gilroy Connor Murphy 60 2 3 0
2 Julian Melchiori Dylan McIlrath 40 2 3 0
4 vs 4 Forward
Center Wing Time % Phy DF OF
1 Mike Zigomanis Cody McLeod 60 1 1 3
2 Michael Bournival Nathan Davis 40 1 1 3
4 vs 4 Defense
Defense Defense Time % Phy DF OF
1 Matt Gilroy Connor Murphy 60 1 3 1
2 Julian Melchiori Dylan McIlrath 40 1 3 1
Last Minutes Offensive
Center Left Wing Right Wing Defense Defense
Mike Zigomanis Cody McLeod Milan Bartovic Matt Gilroy Connor Murphy
Last Minutes Defensive
Center Left Wing Right Wing Defense Defense
Mike Zigomanis Cody McLeod Milan Bartovic Matt Gilroy Connor Murphy
Goaltenders
Starting : Leland Irving
Backup : Chris Driedger
Extra Forwards
Normal : Cody McLeod, Mike Zigomanis, Michael Bournival - PP : Cody McLeod, Mike Zigomanis - PK : Brian Ferlin
Extra Defensemen
Normal : Connor Murphy, Matt Gilroy, Julian Melchiori - PP : Connor Murphy - PK : Matt Gilroy, Julian Melchiori
Penalty Shots
Mike Zigomanis, Cody McLeod, Michael Bournival, Nathan Davis, Milan Bartovic
Scratches
Ben Sexton (Healthy), Ryan Bourque (Healthy), Carl Klingberg (Healthy), Ben Johnson (Healthy), Nicklas Jensen (Healthy)
Jayson Megna (Healthy), Brad Ross (Healthy), Ben Thomson (Healthy), Tyrell Goulbourne (Healthy), David Broll (Healthy)
Stefan Chaput (Healthy), Akim Aliu (Healthy)
% Time on Ice - Blackdemons
Lines # - Real PCT - Wanted PCT - Time Play
Normal Forward
1 - 34% - 40% - 18:54
2 - 30% - 35% - 16:45
3 - 20% - 15% - 11:07
4 - 15% - 10% - 8:10
Normal Defense
1 - 38% - 40% - 20:36
2 - 31% - 30% - 17:14
3 - 21% - 22% - 11:35
4 - 10% - 8% - 5:31
PP Forward
1 - 58% - 50% - 1:09
2 - 42% - 50% - 0:50
PP Defense
1 - 39% - 50% - 0:47
2 - 61% - 50% - 1:12
PK Forward
1 - 50% - 50% - 1:00
2 - 50% - 50% - 0:59
PK Defense
1 - 35% - 50% - 0:42
2 - 65% - 50% - 1:17
PK3 Forward
1 - 0% - 60%
2 - 0% - 40%
PK3 Defense
1 - 0% - 60%
2 - 0% - 40%
44 Forward
1 - 0% - 50%
2 - 0% - 50%
44 Defense
1 - 0% - 50%
2 - 0% - 50%
Last Minute Offensive - 0:00
Last Minute Defensive - 1:06
Total
Forward - 60:00
Defense - 60:00
|
% Time on Ice - Rafales
Lines # - Real PCT - Wanted PCT - Time Play
Normal Forward
1 - 34% - 40% - 18:54
2 - 29% - 30% - 16:05
3 - 21% - 20% - 11:47
4 - 15% - 10% - 8:11
Normal Defense
1 - 38% - 40% - 21:09
2 - 31% - 30% - 16:47
3 - 25% - 20% - 13:44
4 - 6% - 10% - 3:17
PP Forward
1 - 54% - 60% - 1:04
2 - 46% - 40% - 0:55
PP Defense
1 - 61% - 60% - 1:12
2 - 39% - 40% - 0:47
PK Forward
1 - 95% - 60% - 1:53
2 - 5% - 40% - 0:06
PK Defense
1 - 38% - 60% - 0:45
2 - 62% - 40% - 1:14
PK3 Forward
1 - 0% - 60%
2 - 0% - 40%
PK3 Defense
1 - 0% - 60%
2 - 0% - 40%
44 Forward
1 - 0% - 60%
2 - 0% - 40%
44 Defense
1 - 0% - 60%
2 - 0% - 40%
Last Minute Offensive - 1:05
Last Minute Defensive - 0:00
Total
Forward - 60:00
Defense - 60:00
|
Play by Play
1st period
0:01 of 1st period - Mike Zigomanis wins face-off versus Martin Hanzal in neutral zone.
0:06 of 1st period - Snap shot by Cody McLeod.
0:06 of 1st period - Shot Misses the Net.
0:14 of 1st period - Slapshot by Martin Hanzal.
0:14 of 1st period - Goal by Martin Hanzal - Blackdemons : 1 - Rafales : 0.
0:15 of 1st period - Patrice Cormier wins face-off versus Nathan Davis in neutral zone.
1:40 of 1st period - Off-side.
1:41 of 1st period - Nathan Davis wins face-off versus Patrice Cormier in neutral zone.
1:44 of 1st period - Wrist shot by Nathan Davis.
1:44 of 1st period - Deflect By Brian Ferlin.
1:44 of 1st period - Shot Blocked by Nathan Paetsch.
1:44 of 1st period - Puck is out of play.
1:45 of 1st period - Mike Zigomanis wins face-off versus Martin Hanzal in Blackdemons zone.
1:46 of 1st period - Snap shot by Cody McLeod.
1:46 of 1st period - Stopped by Matt Hackett without a rebound.
1:47 of 1st period - Mike Zigomanis wins face-off versus Martin Hanzal in Blackdemons zone.
1:52 of 1st period - Wrist shot by Cody McLeod.
1:52 of 1st period - Shot Blocked by Nathan Paetsch.
1:55 of 1st period - Icing by Roman Josi.
1:56 of 1st period - Kevin Veilleux wins face-off versus Martin Hanzal in Blackdemons zone.
2:01 of 1st period - Wrist shot by Kevin Veilleux.
2:01 of 1st period - Stopped by Matt Hackett without a rebound.
2:02 of 1st period - Kevin Veilleux wins face-off versus Patrice Cormier in Blackdemons zone.
2:03 of 1st period - Snap shot by Tim Crowder.
2:03 of 1st period - Shot Blocked by Patrice Cormier.
2:51 of 1st period - Snap shot by Nathan Davis.
2:51 of 1st period - Shot Misses the Net.
3:20 of 1st period - Off-side.
3:21 of 1st period - Mike Zigomanis wins face-off versus Patrice Cormier in neutral zone.
3:55 of 1st period - Wrist shot by Michael Bournival.
3:55 of 1st period - Stopped by Matt Hackett with a rebound.
3:57 of 1st period - Slapshot by Michael Bournival.
3:57 of 1st period - Goal by Michael Bournival - Blackdemons : 1 - Rafales : 1.
3:58 of 1st period - Patrice Cormier wins face-off versus Mike Zigomanis in neutral zone.
4:23 of 1st period - Blake Pietila is hit by Brian Ferlin and loses puck.
4:46 of 1st period - Wrist shot by Tim Crowder.
4:46 of 1st period - Shot Misses the Net.
4:48 of 1st period - Wrist shot by Chris Terry.
4:48 of 1st period - Shot Misses the Net.
4:50 of 1st period - Slapshot by Matt Gilroy.
4:50 of 1st period - Stopped by Matt Hackett without a rebound.
4:51 of 1st period - Blake Pietila wins face-off versus Milan Bartovic in Blackdemons zone.
5:06 of 1st period - Wrist shot by Cody McLeod.
5:06 of 1st period - Stopped by Matt Hackett without a rebound.
5:07 of 1st period - Kevin Veilleux wins face-off versus Patrice Cormier in Blackdemons zone.
5:08 of 1st period - Wrist shot by Tim Crowder.
5:08 of 1st period - Shot Misses the Net.
5:39 of 1st period - Snap shot by Nathan Davis.
5:39 of 1st period - Shot Blocked by Nathan Paetsch.
6:15 of 1st period - Off-side.
6:16 of 1st period - Kyle Rau wins face-off versus Cedric Paquette in neutral zone.
6:21 of 1st period - Snap shot by Ladislav Nagy.
6:21 of 1st period - Shot Misses the Net.
6:27 of 1st period - Wrist shot by Kyle Rau.
6:27 of 1st period - Deflect By Ladislav Nagy.
6:27 of 1st period - Deflect By Matt Gilroy.
6:27 of 1st period - Shot Misses the Net.
6:27 of 1st period - Puck is out of play.
6:28 of 1st period - Patrice Cormier wins face-off versus Mike Zigomanis in Rafales zone.
7:26 of 1st period - Snap shot by Maksim Mayorov.
7:26 of 1st period - Shot Misses the Net.
8:27 of 1st period - Snap shot by Martin Hanzal.
8:27 of 1st period - Stopped by Leland Irving without a rebound.
8:28 of 1st period - Cody McLeod wins face-off versus Martin Hanzal in Rafales zone.
8:37 of 1st period - Snap shot by Milan Bartovic.
8:37 of 1st period - Shot Blocked by Alexei Morozov.
9:00 of 1st period - Snap shot by Patrice Cormier.
9:00 of 1st period - Stopped by Leland Irving with a rebound.
9:14 of 1st period - Max Friberg is hit by Cedric Paquette and loses puck.
10:05 of 1st period - Snap shot by Cody McLeod.
10:05 of 1st period - Stopped by Matt Hackett without a rebound.
10:06 of 1st period - Alexandre Grenier wins face-off versus Nathan Davis in Blackdemons zone.
10:13 of 1st period - Snap shot by Nathan Davis.
10:13 of 1st period - Shot Misses the Net.
10:15 of 1st period - Snap shot by Michael Bournival.
10:15 of 1st period - Stopped by Matt Hackett without a rebound.
10:16 of 1st period - Nathan Davis wins face-off versus Patrice Cormier in Blackdemons zone.
10:56 of 1st period - Wrist shot by Brian Ferlin.
10:56 of 1st period - Stopped by Matt Hackett without a rebound.
10:57 of 1st period - Alexei Morozov wins face-off versus Cody McLeod in Blackdemons zone.
11:16 of 1st period - Alexei Morozov is hit by Cody McLeod and loses puck.
11:33 of 1st period - Snap shot by Max Friberg.
11:33 of 1st period - Shot Misses the Net.
11:37 of 1st period - Snap shot by Scott Timmins.
11:37 of 1st period - Shot Misses the Net.
11:39 of 1st period - Snap shot by Max Friberg.
11:39 of 1st period - Shot Misses the Net.
12:17 of 1st period - Snap shot by Michael Bournival.
12:17 of 1st period - Stopped by Matt Hackett with a rebound.
12:29 of 1st period - Snap shot by Martin Hanzal.
12:29 of 1st period - Stopped by Leland Irving without a rebound.
12:30 of 1st period - Martin Hanzal wins face-off versus Mike Zigomanis in Rafales zone.
12:43 of 1st period - Snap shot by Martin Hanzal.
12:43 of 1st period - Stopped by Leland Irving without a rebound.
12:44 of 1st period - Mike Zigomanis wins face-off versus Martin Hanzal in Rafales zone.
12:44 of 1st period - Mike Zigomanis is hit by Martin Hanzal.
13:09 of 1st period - Alexandre Grenier is hit by Connor Murphy and loses puck.
14:10 of 1st period - Wrist shot by Alexei Morozov.
14:10 of 1st period - Shot Hit the Post.
15:06 of 1st period - Scott Timmins is hit by Nathan Davis and loses puck.
15:17 of 1st period - Snap shot by Scott Timmins.
15:17 of 1st period - Shot Blocked by Julian Melchiori.
15:19 of 1st period - Snap shot by Max Friberg.
15:19 of 1st period - Stopped by Leland Irving without a rebound.
15:20 of 1st period - Martin Hanzal wins face-off versus Mike Zigomanis in Rafales zone.
15:23 of 1st period - Wrist shot by Alexei Morozov.
15:23 of 1st period - Stopped by Leland Irving without a rebound.
15:24 of 1st period - Alexei Morozov wins face-off versus Mike Zigomanis in Rafales zone.
15:25 of 1st period - Snap shot by Blake Pietila.
15:25 of 1st period - Stopped by Leland Irving with a rebound.
15:45 of 1st period - Alexei Morozov is hit by Milan Bartovic and loses puck.
16:10 of 1st period - Wrist shot by Milan Bartovic.
16:10 of 1st period - Shot Blocked by Alexei Morozov.
16:12 of 1st period - Slapshot by Matt Gilroy.
16:12 of 1st period - Shot Blocked by Martin Hanzal.
16:14 of 1st period - Slapshot by Matt Gilroy.
16:14 of 1st period - Shot Misses the Net.
16:16 of 1st period - Slapshot by Mike Zigomanis.
16:16 of 1st period - Stopped by Matt Hackett with a rebound.
16:18 of 1st period - Snap shot by Mike Zigomanis.
16:18 of 1st period - Shot Misses the Net.
16:20 of 1st period - Wrist shot by Milan Bartovic.
16:20 of 1st period - Shot Misses the Net.
16:50 of 1st period - Snap shot by Cody McLeod.
16:50 of 1st period - Stopped by Matt Hackett with a rebound.
17:09 of 1st period - Off-side.
17:10 of 1st period - Nathan Davis wins face-off versus Patrice Cormier in neutral zone.
17:19 of 1st period - Snap shot by Sergei Plotnikov.
17:19 of 1st period - Deflect By Brian Ferlin.
17:19 of 1st period - Shot Misses the Net.
17:19 of 1st period - Puck is out of play.
17:20 of 1st period - Sergei Plotnikov wins face-off versus Nathan Davis in Rafales zone.
17:29 of 1st period - Snap shot by Sergei Plotnikov.
17:29 of 1st period - Stopped by Leland Irving with a rebound.
17:31 of 1st period - Snap shot by Alexandre Grenier.
17:31 of 1st period - Shot Misses the Net.
17:37 of 1st period - Snap shot by Patrice Cormier.
17:37 of 1st period - Shot Misses the Net.
17:39 of 1st period - Slapshot by Yannick Weber.
17:39 of 1st period - Stopped by Leland Irving with a rebound.
17:41 of 1st period - Wrist shot by Patrice Cormier.
17:41 of 1st period - Shot Misses the Net.
17:43 of 1st period - Slapshot by Patrice Cormier.
17:43 of 1st period - Shot Misses the Net.
17:45 of 1st period - Wrist shot by Sergei Plotnikov.
17:45 of 1st period - Shot Misses the Net.
17:57 of 1st period - Michael Bournival is hit by Patrice Cormier and loses puck.
18:04 of 1st period - Snap shot by Alexandre Grenier.
18:04 of 1st period - Shot Misses the Net.
18:06 of 1st period - Wrist shot by Sergei Plotnikov.
18:06 of 1st period - Shot Misses the Net.
18:10 of 1st period - Wrist shot by Alexandre Grenier.
18:10 of 1st period - Shot Blocked by Dylan McIlrath.
18:28 of 1st period - Snap shot by Patrice Cormier.
18:28 of 1st period - Stopped by Leland Irving without a rebound.
18:29 of 1st period - Kevin Veilleux wins face-off versus Kyle Rau in Rafales zone.
19:25 of 1st period - Cody McLeod is hit by Blake Pietila and loses puck.
Goals for this period are 1 for Blackdemons vs 1 for Rafales.
Shots for this period are 11 for Blackdemons vs 12 for Rafales.
2nd period
0:01 of 2nd period - Patrice Cormier wins face-off versus Mike Zigomanis in neutral zone.
0:59 of 2nd period - Snap shot by Tim Crowder.
0:59 of 2nd period - Shot Misses the Net.
1:13 of 2nd period - Wrist shot by Scott Timmins.
1:13 of 2nd period - Stopped by Leland Irving without a rebound.
1:14 of 2nd period - Mike Zigomanis wins face-off versus Scott Timmins in Rafales zone.
1:25 of 2nd period - Snap shot by Mike Zigomanis.
1:25 of 2nd period - Stopped by Matt Hackett without a rebound.
1:26 of 2nd period - Martin Hanzal wins face-off versus Mike Zigomanis in Blackdemons zone.
1:26 of 2nd period - Martin Hanzal is hit by Connor Murphy.
2:02 of 2nd period - Snap shot by Alexandre Grenier.
2:02 of 2nd period - Stopped by Leland Irving with a rebound.
3:07 of 2nd period - Off-side.
3:08 of 2nd period - Nathan Davis wins face-off versus Patrice Cormier in neutral zone.
3:13 of 2nd period - Slapshot by Michael Bournival.
3:13 of 2nd period - Shot Blocked by Alexandre Grenier.
3:15 of 2nd period - Slapshot by Nathan Davis.
3:15 of 2nd period - Stopped by Matt Hackett with a rebound.
3:17 of 2nd period - Slapshot by Connor Murphy.
3:17 of 2nd period - Deflect By Roman Josi.
3:17 of 2nd period - Stopped by Matt Hackett without a rebound.
3:18 of 2nd period - Nathan Davis wins face-off versus Patrice Cormier in Blackdemons zone.
3:21 of 2nd period - Wrist shot by Nathan Davis.
3:21 of 2nd period - Shot Blocked by Roman Josi.
3:23 of 2nd period - Snap shot by Connor Murphy.
3:23 of 2nd period - Stopped by Matt Hackett with a rebound.
3:43 of 2nd period - Snap shot by Brian Ferlin.
3:43 of 2nd period - Shot Blocked by Sergei Plotnikov.
3:45 of 2nd period - Snap shot by Connor Murphy.
3:45 of 2nd period - Shot Blocked by Nathan Paetsch.
3:47 of 2nd period - Slapshot by Connor Murphy.
3:47 of 2nd period - Shot Blocked by Nathan Paetsch.
3:49 of 2nd period - Slapshot by Brian Ferlin.
3:49 of 2nd period - Shot Misses the Net.
3:51 of 2nd period - Snap shot by Brian Ferlin.
3:51 of 2nd period - Shot Blocked by Sergei Plotnikov.
3:53 of 2nd period - Snap shot by Connor Murphy.
3:53 of 2nd period - Deflect By Nathan Davis.
3:53 of 2nd period - Shot Misses the Net.
3:53 of 2nd period - Puck is out of play.
3:54 of 2nd period - Mike Zigomanis wins face-off versus Martin Hanzal in Blackdemons zone.
3:59 of 2nd period - Slapshot by Mike Zigomanis.
3:59 of 2nd period - Goal by Mike Zigomanis - Blackdemons : 1 - Rafales : 2.
4:00 of 2nd period - Mike Zigomanis wins face-off versus Martin Hanzal in neutral zone.
4:03 of 2nd period - Wrist shot by Matt Gilroy.
4:03 of 2nd period - Stopped by Matt Hackett without a rebound.
4:04 of 2nd period - Martin Hanzal wins face-off versus Cody McLeod in Blackdemons zone.
4:28 of 2nd period - Off-side.
4:29 of 2nd period - Kevin Veilleux wins face-off versus Patrice Cormier in neutral zone.
4:34 of 2nd period - Snap shot by Kevin Veilleux.
4:34 of 2nd period - Stopped by Matt Hackett without a rebound.
4:35 of 2nd period - Blake Pietila wins face-off versus Mike Zigomanis in Blackdemons zone.
4:35 of 2nd period - Blake Pietila is hit by Mike Zigomanis.
5:08 of 2nd period - Snap shot by Brian Ferlin.
5:08 of 2nd period - Deflect By Michael Bournival.
5:08 of 2nd period - Shot Misses the Net.
5:08 of 2nd period - Puck is out of play.
5:09 of 2nd period - Patrice Cormier wins face-off versus Mike Zigomanis in Blackdemons zone.
5:34 of 2nd period - Kevin Veilleux is hit by Yannick Weber and loses puck.
5:47 of 2nd period - Blake Pietila is hit by Kevin Veilleux and loses puck.
6:02 of 2nd period - Wrist shot by Kyle Rau.
6:02 of 2nd period - Stopped by Leland Irving with a rebound.
6:04 of 2nd period - Slapshot by Jeffrey Foss.
6:04 of 2nd period - Stopped by Leland Irving with a rebound.
6:06 of 2nd period - Slapshot by Jeffrey Foss.
6:06 of 2nd period - Shot Blocked by Michael Bournival.
6:08 of 2nd period - Wrist shot by Ladislav Nagy.
6:08 of 2nd period - Shot Misses the Net.
6:10 of 2nd period - Slapshot by Yannick Weber.
6:10 of 2nd period - Deflect By Ladislav Nagy.
6:10 of 2nd period - Stopped by Leland Irving without a rebound.
6:11 of 2nd period - Sergei Plotnikov wins face-off versus Mike Zigomanis in Rafales zone.
6:17 of 2nd period - Off-side.
6:18 of 2nd period - Patrice Cormier wins face-off versus Mike Zigomanis in neutral zone.
6:33 of 2nd period - Snap shot by Patrice Cormier.
6:33 of 2nd period - Goal by Patrice Cormier - Blackdemons : 2 - Rafales : 2.
6:34 of 2nd period - Martin Hanzal wins face-off versus Milan Bartovic in neutral zone.
7:11 of 2nd period - Minor Penalty to Nathan Paetsch for Tripping.
7:12 of 2nd period - Mike Zigomanis wins face-off versus Patrice Cormier in Blackdemons zone.
7:24 of 2nd period - Patrice Cormier is hit by Connor Murphy.
7:28 of 2nd period - Slapshot by Yannick Weber.
7:28 of 2nd period - Stopped by Leland Irving with a rebound.
7:44 of 2nd period - Backhand shot by Kyle Rau.
7:44 of 2nd period - Stopped by Leland Irving with a rebound.
9:11 of 2nd period - Penalty to Nathan Paetsch is over, Nathan Paetsch is back on ice.
9:16 of 2nd period - Connor Murphy is hit by Martin Hanzal and loses puck.
10:59 of 2nd period - Michael Bournival is hit by Kyle Rau and loses puck.
11:10 of 2nd period - Wrist shot by Scott Timmins.
11:10 of 2nd period - Deflect By Zachary Sanford.
11:10 of 2nd period - Stopped by Leland Irving with a rebound.
11:40 of 2nd period - Wrist shot by Alexei Morozov.
11:40 of 2nd period - Stopped by Leland Irving without a rebound.
11:41 of 2nd period - Martin Hanzal wins face-off versus Kevin Veilleux in Rafales zone.
12:01 of 2nd period - Snap shot by Tim Crowder.
12:01 of 2nd period - Deflect By Alexei Morozov.
12:01 of 2nd period - Stopped by Matt Hackett without a rebound.
12:02 of 2nd period - Mike Zigomanis wins face-off versus Patrice Cormier in Blackdemons zone.
13:12 of 2nd period - Wrist shot by Ladislav Nagy.
13:12 of 2nd period - Shot Misses the Net.
13:14 of 2nd period - Wrist shot by Ladislav Nagy.
13:14 of 2nd period - Shot Misses the Net.
13:16 of 2nd period - Snap shot by Hudson Fasching.
13:16 of 2nd period - Stopped by Leland Irving with a rebound.
13:18 of 2nd period - Snap shot by Ladislav Nagy.
13:18 of 2nd period - Goal by Ladislav Nagy - Blackdemons : 3 - Rafales : 2.
13:19 of 2nd period - Mike Zigomanis wins face-off versus Martin Hanzal in neutral zone.
14:08 of 2nd period - Zachary Sanford is hit by Kevin Veilleux and loses puck.
14:27 of 2nd period - Cedric Paquette is hit by Roman Josi and loses puck.
14:46 of 2nd period - Snap shot by Mike Zigomanis.
14:46 of 2nd period - Shot Blocked by Jeffrey Foss.
14:48 of 2nd period - Snap shot by Milan Bartovic.
14:48 of 2nd period - Stopped by Matt Hackett without a rebound.
14:49 of 2nd period - Martin Hanzal wins face-off versus Mike Zigomanis in Blackdemons zone.
14:49 of 2nd period - Martin Hanzal is hit by Dylan McIlrath.
15:32 of 2nd period - Icing by Brian Ferlin.
15:33 of 2nd period - Scott Timmins wins face-off versus Kevin Veilleux in Rafales zone.
15:34 of 2nd period - Backhand shot by Max Friberg.
15:34 of 2nd period - Shot Blocked by Dennis Persson.
15:36 of 2nd period - Slapshot by Yannick Weber.
15:36 of 2nd period - Stopped by Leland Irving with a rebound.
15:38 of 2nd period - Wrist shot by Max Friberg.
15:38 of 2nd period - Goal by Max Friberg - Blackdemons : 4 - Rafales : 2.
15:39 of 2nd period - Alexei Morozov wins face-off versus Mike Zigomanis in neutral zone.
15:42 of 2nd period - Wrist shot by Martin Hanzal.
15:42 of 2nd period - Stopped by Leland Irving with a rebound.
15:50 of 2nd period - Wrist shot by Alexei Morozov.
15:50 of 2nd period - Stopped by Leland Irving without a rebound.
15:51 of 2nd period - Cody McLeod wins face-off versus Martin Hanzal in Rafales zone.
15:51 of 2nd period - Cody McLeod is hit by Martin Hanzal.
16:28 of 2nd period - Snap shot by Brian Ferlin.
16:28 of 2nd period - Shot Misses the Net.
16:30 of 2nd period - Slapshot by Matt Gilroy.
16:30 of 2nd period - Stopped by Matt Hackett without a rebound.
16:31 of 2nd period - Patrice Cormier wins face-off versus Kevin Veilleux in Blackdemons zone.
17:20 of 2nd period - Snap shot by James Marcou.
17:20 of 2nd period - Stopped by Matt Hackett with a rebound.
17:59 of 2nd period - Slater Koekkoek is hit by Alexandre Grenier and loses puck.
18:18 of 2nd period - Snap shot by Alexei Morozov.
18:18 of 2nd period - Shot Hit the Post.
18:26 of 2nd period - Martin Hanzal is hit by Cody McLeod and loses puck.
19:03 of 2nd period - Zachary Sanford is hit by Matt Gilroy and loses puck.
19:15 of 2nd period - Icing by Scott Timmins.
19:16 of 2nd period - Kevin Veilleux wins face-off versus Scott Timmins in Blackdemons zone.
19:23 of 2nd period - Slapshot by Mike Zigomanis.
19:23 of 2nd period - Shot Misses the Net.
Goals for this period are 3 for Blackdemons vs 1 for Rafales.
Shots for this period are 16 for Blackdemons vs 11 for Rafales.
3rd period
0:01 of 3rd period - Mike Zigomanis wins face-off versus Martin Hanzal in neutral zone.
0:06 of 3rd period - Snap shot by Milan Bartovic.
0:06 of 3rd period - Stopped by Matt Hackett with a rebound.
1:07 of 3rd period - Slapshot by Matt Gilroy.
1:07 of 3rd period - Shot Misses the Net.
1:29 of 3rd period - Jeffrey Foss is hit by Milan Bartovic.
2:11 of 3rd period - Minor Penalty to Dylan McIlrath for Tripping.
2:12 of 3rd period - Mike Zigomanis wins face-off versus Patrice Cormier in Rafales zone.
3:03 of 3rd period - Snap shot by Brian Ferlin.
3:03 of 3rd period - Shot Blocked by Martin Hanzal.
3:16 of 3rd period - Icing by Jeffrey Foss.
3:17 of 3rd period - Brian Ferlin wins face-off versus Patrice Cormier in Blackdemons zone.
4:11 of 3rd period - Penalty to Dylan McIlrath is over, Dylan McIlrath is back on ice.
4:28 of 3rd period - Zachary Sanford is hit by Connor Murphy and loses puck.
4:39 of 3rd period - Brett Kulak is hit by Dylan McIlrath.
5:24 of 3rd period - Icing by Alexandre Grenier.
5:25 of 3rd period - Scott Timmins wins face-off versus Kevin Veilleux in Blackdemons zone.
5:36 of 3rd period - Snap shot by Kevin Veilleux.
5:36 of 3rd period - Shot Blocked by Brett Kulak.
5:38 of 3rd period - Slapshot by Kevin Veilleux.
5:38 of 3rd period - Stopped by Matt Hackett without a rebound.
5:39 of 3rd period - Blake Pietila wins face-off versus Mike Zigomanis in Blackdemons zone.
5:52 of 3rd period - Wrist shot by Blake Pietila.
5:52 of 3rd period - Shot Blocked by Cody McLeod.
5:54 of 3rd period - Slapshot by Blake Pietila.
5:54 of 3rd period - Stopped by Leland Irving with a rebound.
6:06 of 3rd period - Patrice Cormier is hit by Brian Ferlin and loses puck.
6:29 of 3rd period - Snap shot by Max Friberg.
6:29 of 3rd period - Stopped by Leland Irving with a rebound.
6:35 of 3rd period - Zachary Sanford is hit by Nathan Davis and loses puck.
6:44 of 3rd period - Wrist shot by Brian Ferlin.
6:44 of 3rd period - Shot Blocked by Charles-Olivier Roussel.
6:46 of 3rd period - Slapshot by Matt Gilroy.
6:46 of 3rd period - Shot Misses the Net.
6:48 of 3rd period - Slapshot by Matt Gilroy.
6:48 of 3rd period - Shot Misses the Net.
6:50 of 3rd period - Slapshot by Matt Gilroy.
6:50 of 3rd period - Shot Misses the Net.
6:52 of 3rd period - Slapshot by Matt Gilroy.
6:52 of 3rd period - Shot Misses the Net.
6:54 of 3rd period - Slapshot by Matt Gilroy.
6:54 of 3rd period - Shot Blocked by Scott Timmins.
7:06 of 3rd period - Snap shot by Nathan Davis.
7:06 of 3rd period - Goal by Nathan Davis - Blackdemons : 4 - Rafales : 3.
7:07 of 3rd period - Mike Zigomanis wins face-off versus Martin Hanzal in neutral zone.
7:10 of 3rd period - Slapshot by Matt Gilroy.
7:10 of 3rd period - Deflect By Mike Zigomanis.
7:10 of 3rd period - Shot Blocked by Nathan Paetsch.
7:10 of 3rd period - Puck is out of play.
7:11 of 3rd period - Mike Zigomanis wins face-off versus Alexei Morozov in Blackdemons zone.
7:22 of 3rd period - Wrist shot by Cody McLeod.
7:22 of 3rd period - Shot Blocked by Roman Josi.
7:24 of 3rd period - Snap shot by Cody McLeod.
7:24 of 3rd period - Shot Misses the Net.
7:26 of 3rd period - Snap shot by Mike Zigomanis.
7:26 of 3rd period - Stopped by Matt Hackett with a rebound.
8:48 of 3rd period - Wrist shot by Alexei Morozov.
8:48 of 3rd period - Goal by Alexei Morozov - Blackdemons : 5 - Rafales : 3.
8:49 of 3rd period - Martin Hanzal wins face-off versus Mike Zigomanis in neutral zone.
9:02 of 3rd period - Slapshot by Martin Hanzal.
9:02 of 3rd period - Shot Misses the Net.
9:14 of 3rd period - Snap shot by Alexandre Grenier.
9:14 of 3rd period - Shot Blocked by Dylan McIlrath.
9:22 of 3rd period - Wrist shot by Brian Ferlin.
9:22 of 3rd period - Shot Misses the Net.
9:40 of 3rd period - Snap shot by Tim Crowder.
9:40 of 3rd period - Shot Misses the Net.
10:15 of 3rd period - Milan Bartovic is hit by Blake Pietila and loses puck.
10:26 of 3rd period - Snap shot by Martin Hanzal.
10:26 of 3rd period - Deflect By Cody McLeod.
10:26 of 3rd period - Stopped by Leland Irving with a rebound.
10:44 of 3rd period - Dennis Persson is hit by Roman Josi and loses puck.
11:25 of 3rd period - Snap shot by James Marcou.
11:25 of 3rd period - Stopped by Matt Hackett without a rebound.
11:26 of 3rd period - Mike Zigomanis wins face-off versus Martin Hanzal in Blackdemons zone.
11:33 of 3rd period - Wrist shot by Cody McLeod.
11:33 of 3rd period - Stopped by Matt Hackett without a rebound.
11:34 of 3rd period - Martin Hanzal wins face-off versus Mike Zigomanis in Blackdemons zone.
11:47 of 3rd period - Snap shot by Martin Hanzal.
11:47 of 3rd period - Shot Misses the Net.
11:49 of 3rd period - Snap shot by Roman Josi.
11:49 of 3rd period - Shot Blocked by Cody McLeod.
12:49 of 3rd period - Yannick Weber is hit by Julian Melchiori.
13:06 of 3rd period - Snap shot by Patrice Cormier.
13:06 of 3rd period - Stopped by Leland Irving without a rebound.
13:07 of 3rd period - Nathan Davis wins face-off versus Patrice Cormier in Rafales zone.
13:07 of 3rd period - Nathan Davis is hit by Patrice Cormier.
13:19 of 3rd period - Snap shot by Michael Bournival.
13:19 of 3rd period - Stopped by Matt Hackett without a rebound.
13:20 of 3rd period - Martin Hanzal wins face-off versus Mike Zigomanis in Blackdemons zone.
13:20 of 3rd period - Martin Hanzal is hit by Matt Gilroy.
14:07 of 3rd period - Snap shot by Tim Crowder.
14:07 of 3rd period - Stopped by Matt Hackett with a rebound.
14:09 of 3rd period - Snap shot by Kevin Veilleux.
14:09 of 3rd period - Stopped by Matt Hackett with a rebound.
14:17 of 3rd period - Slapshot by Roman Josi.
14:17 of 3rd period - Stopped by Leland Irving with a rebound.
15:55 of 3rd period - Snap shot by Max Friberg.
15:55 of 3rd period - Deflect By Zachary Sanford.
15:55 of 3rd period - Deflect By Cody McLeod.
15:55 of 3rd period - Stopped by Leland Irving with a rebound.
16:15 of 3rd period - Wrist shot by Martin Hanzal.
16:15 of 3rd period - Shot Misses the Net.
16:31 of 3rd period - Slapshot by Patrice Cormier.
16:31 of 3rd period - Stopped by Leland Irving without a rebound.
16:32 of 3rd period - Patrice Cormier wins face-off versus Mike Zigomanis in Rafales zone.
16:39 of 3rd period - Wrist shot by Cody McLeod.
16:39 of 3rd period - Goal by Cody McLeod - Blackdemons : 5 - Rafales : 4.
16:40 of 3rd period - Martin Hanzal wins face-off versus Mike Zigomanis in neutral zone.
17:13 of 3rd period - Wrist shot by Patrice Cormier.
17:13 of 3rd period - Shot Blocked by Kevin Veilleux.
17:15 of 3rd period - Snap shot by Alexandre Grenier.
17:15 of 3rd period - Stopped by Leland Irving without a rebound.
17:16 of 3rd period - Nathan Davis wins face-off versus Patrice Cormier in Rafales zone.
17:21 of 3rd period - Patrice Cormier is hit by Nathan Davis and loses puck.
18:04 of 3rd period - Snap shot by Michael Bournival.
18:04 of 3rd period - Stopped by Matt Hackett with a rebound.
19:00 of 3rd period - Rafales, Leland Irving is pulled from the net.
19:02 of 3rd period - Slapshot by Cody McLeod.
19:02 of 3rd period - Shot Misses the Net.
19:04 of 3rd period - Snap shot by Milan Bartovic.
19:04 of 3rd period - Shot Misses the Net.
19:16 of 3rd period - Snap shot by Cody McLeod.
19:16 of 3rd period - Shot Misses the Net.
19:18 of 3rd period - Slapshot by Dennis Persson.
19:18 of 3rd period - Deflect By Cody McLeod.
19:18 of 3rd period - Stopped by Matt Hackett without a rebound.
19:19 of 3rd period - Paul MacLean call a timeout for Rafales.
19:19 of 3rd period - Mike Zigomanis wins face-off versus Martin Hanzal in Blackdemons zone.
19:56 of 3rd period - Martin Hanzal is hit by Matt Gilroy and loses puck.
Goals for this period are 1 for Blackdemons vs 2 for Rafales.
Shots for this period are 9 for Blackdemons vs 12 for Rafales.
Back to the Top